[Event "ICC tourney 2605 (40 5)"]
[Site "Internet Chess Club"]
[Date "2021.06.13"]
[Round "4"]
[White "WISNIOWSKI, NATALIE:K09-15702390"]
[Black "FENTON, SETH AUSTIN:K09-15344035"]
[Result "1-0"]
[ICCResult "Black resigns"]
[WhiteElo "2006"]
[BlackElo "1690"]
[Opening "Catalan: closed, main line"]
[ECO "E09"]
[NIC "SL.01"]
[Time "11:00:33"]
[PlyCount "137"]
[TimeControl "2400+5"]

1. d4 d5 2. c4 c6 3. Nf3 Nf6 4. g3 e6 5. Nbd2 Be7 6. Bg2 Nbd7 7. O-O O-O 8.
Qc2 b6 9. e4 dxe4 10. Nxe4 Bb7 11. Rd1 Rc8 12. Bf4 Nxe4 13. Qxe4 Nf6 14.
Qe2 h6 15. Rac1 Bd6 16. Ne5 Qe7 17. a3 Rfe8 18. b4 Bb8 19. Rb1 a6 20. a4
Nd7 21. Rb2 Nxe5 22. dxe5 c5 23. Rbd2 Bxg2 24. Rd7 Qf8 25. Kxg2 Red8 26. b5
axb5 27. axb5 Qe8 28. Qd2 Bc7 29. h4 Kh8 30. Qd3 Rxd7 31. Qxd7 Qxd7 32.
Rxd7 Kg8 33. Kf3 Kf8 34. Ke4 Ke8 35. Rd3 Ra8 36. Rd2 Ra4 37. Rc2 Rb4 38. f3
Bd8 39. Bd2 Ra4 40. f4 f6 41. exf6 Bxf6 42. Be1 Ra1 43. Bf2 Rf1 44. g4 g5
45. hxg5 hxg5 46. fxg5 Bxg5 47. Kf3 Rd1 48. Ke4 Rd7 49. Ke5 Re7 50. Ra2 Kf7
51. Ra6 Rb7 52. Kd6 Bd8 53. Kc6 Re7 54. Bg3 e5 55. Kd5 e4 56. Ra2 e3 57.
Re2 Re6 58. Bf4 Be7 59. Rxe3 Rxe3 60. Bxe3 Kg6 61. Kc6 Bd8 62. Bf4 Kf6 63.
Bc7 Bxc7 64. Kxc7 Kg5 65. Kxb6 Kxg4 66. Kxc5 Kf5 67. b6 Ke6 68. b7 Kd7 69.
b8=Q { Black resigns } 1-0

[Event "ICC tourney 2605 (40 5)"]
[Site "Internet Chess Club"]
[Date "2021.06.13"]
[Round "4"]
[White "COLOMBO, DOMINIC:K09-14933967"]
[Black "SAFRANEK, VEDA ROSE:K09-14975007"]
[Result "1-0"]
[ICCResult "Black resigns"]
[WhiteElo "1960"]
[BlackElo "1681"]
[Opening "Ruy Lopez: Berlin defense, open variation"]
[ECO "C67"]
[NIC "RL.07"]
[Time "11:00:38"]
[PlyCount "131"]
[TimeControl "2400+5"]

1. e4 e5 2. Nf3 Nc6 3. Bb5 Nf6 4. O-O Nxe4 5. Re1 Nd6 6. Nxe5 Be7 7. Bf1
O-O 8. d4 Nf5 9. c3 d5 10. Qc2 h6 11. Bd3 Nd6 12. Nxc6 bxc6 13. Nd2 Re8 14.
Nf3 Bf6 15. Bf4 Bg4 16. Nd2 Qd7 17. Nb3 Bf5 18. Bxf5 Qxf5 19. Qxf5 Nxf5 20.
Bxc7 Rac8 21. Rxe8+ Rxe8 22. Kf1 Re7 23. Bg3 h5 24. Re1 Rb7 25. Re2 Rb6 26.
Nc5 Nxg3+ 27. hxg3 Bg5 28. Nd3 Kh7 29. Ke1 Rb8 30. Kd1 Rc8 31. Nc5 h4 32.
gxh4 Bxh4 33. g3 Bg5 34. Kc2 Kg6 35. Nd3 Bd8 36. Re8 f6 37. Nb4 Kf7 38. Rh8
Ke7 39. Nd3 Rc7 40. Nc5 a5 41. Kb3 Ra7 42. Rg8 Rc7 43. Rxd8 Kxd8 44. Ne6+
Kd7 45. Nxc7 Kxc7 46. Ka4 Kb6 47. b4 axb4 48. Kxb4 g5 49. g4 Kc7 50. Kc5
Kb7 51. a4 Kc7 52. a5 Kb7 53. Kd6 Ka6 54. Kxc6 Kxa5 55. Kxd5 Kb5 56. c4+
Kb4 57. c5 Kc3 58. c6 Kd3 59. c7 Ke2 60. c8=Q Kxf2 61. Qf5+ Kg3 62. Ke6 Kh4
63. Kxf6 Kg3 64. Kxg5 Kh3 65. Kf4 Kg2 66. Qc2+ { Black resigns } 1-0

[Event "ICC tourney 2605 (40 5)"]
[Site "Internet Chess Club"]
[Date "2021.06.13"]
[Round "4"]
[White "LIM, TIMOTHY:K09-16139198"]
[Black "STONE, VINCENT WILLIAM:K09-15537233"]
[Result "1-0"]
[ICCResult "Black resigns"]
[WhiteElo "1846"]
[BlackElo "2075"]
[Opening "Queen's pawn: London system"]
[ECO "A45"]
[NIC "QP.07"]
[Time "11:00:15"]
[PlyCount "119"]
[TimeControl "2400+5"]

1. d4 Nf6 2. Bf4 g6 3. e3 Bg7 4. Nf3 d6 5. h3 O-O 6. Be2 Nbd7 7. O-O b6 8.
c4 Bb7 9. Nc3 Re8 10. Qc2 e5 11. dxe5 dxe5 12. Bg5 c6 13. Rad1 Qc7 14. Nd2
Nc5 15. Bf3 a5 16. b3 h6 17. Bh4 g5 18. Bg3 Qe7 19. Nde4 Rad8 20. Nxc5 Rxd1
21. Rxd1 Qxc5 22. Ne4 Nxe4 23. Bxe4 Bf6 24. Rd7 Re7 25. Rd8+ Kg7 26. Bh7 h5
27. Rg8+ Kh6 28. Rg6+ Kxh7 29. Rxf6+ Kg7 30. Qf5 e4 31. Qxc5 bxc5 32. Rf5
f6 33. Rxc5 a4 34. bxa4 Rd7 35. Ra5 h4 36. Bb8 Rd1+ 37. Kh2 Kg6 38. Ra7 Bc8
39. a5 Rd2 40. Rc7 Bf5 41. Rxc6 Rxa2 42. Bc7 Bd7 43. Rd6 Bc8 44. Bd8 Rxf2
45. c5 Kh5 46. Bxf6 Rf5 47. Bg7 g4 48. hxg4+ Kxg4 49. Rg6+ Kh5 50. Rh6+ Kg4
51. Rc6 Bb7 52. Rb6 Bc8 53. Bd4 h3 54. Rg6+ Kh5 55. Rg8 Be6 56. g4+ Kh4 57.
gxf5 Bxg8 58. c6 Bd5 59. c7 Bb7 60. f6 { Black resigns } 1-0

[Event "ICC tourney 2605 (40 5)"]
[Site "Internet Chess Club"]
[Date "2021.06.13"]
[Round "4"]
[White "MAHAJAN, RUSHAAN:K09-15449416"]
[Black "LEE, JAYDEN:K09-15757981"]
[Result "1-0"]
[ICCResult "Black checkmated"]
[WhiteElo "2209"]
[BlackElo "2106"]
[Opening "Réti: King's Indian attack"]
[ECO "A05"]
[NIC "QP.11"]
[Time "11:00:10"]
[PlyCount "173"]
[TimeControl "2400+5"]

1. Nf3 Nf6 2. g3 g6 3. b3 Bg7 4. Bb2 d6 5. d4 O-O 6. Bg2 e5 7. dxe5 Ng4 8.
Qd2 dxe5 9. h3 Nh6 10. Qxd8 Rxd8 11. Bxe5 Bxe5 12. Nxe5 Re8 13. Nd3 c6 14.
Nc3 Nf5 15. O-O-O Nd4 16. e3 Nf5 17. Rd2 Nd7 18. Rhd1 Nf6 19. e4 Nd4 20. e5
Nd7 21. f4 Nb6 22. Ne4 Rf8 23. Nf6+ Kg7 24. g4 Ne6 25. Be4 Nd7 26. g5 Ndc5
27. Nxc5 Nxc5 28. h4 h5 29. gxh6+ Kxh6 30. Rh1 Nxe4 31. Nxe4 Bg4 32. Nf6
Bf5 33. h5 g5 34. fxg5+ Kxg5 35. h6 Kf4 36. Re2 Kf3 37. Kd2 Rad8+ 38. Ke1
Bg6 39. Rf1+ Kg3 40. Re3+ Kh4 41. Rf4+ Kg5 42. Rb4 Kxh6 43. Rxb7 Bxc2 44.
Rxa7 Rd1+ 45. Kf2 Rd2+ 46. Re2 Rxe2+ 47. Kxe2 Kg6 48. Kd2 Bf5 49. Rc7 Rd8+
50. Kc1 Kg5 51. Rxc6 Kf4 52. Rc5 Rc8 53. Nh5+ Kg5 54. Rxc8 Bxc8 55. Ng3 Kf4
56. Ne2+ Kxe5 57. Kd2 Ba6 58. Ke3 Kd5 59. Nf4+ Kc5 60. Nd3+ Kd6 61. Kd4 Bc8
62. a4 Be6 63. b4 Bd7 64. b5 f5 65. Nf4 Be8 66. Nd5 Bd7 67. Nb6 Be8 68.
Nc4+ Kc7 69. Kc5 Bd7 70. Ne5 Be8 71. Nd3 Kb7 72. Nf4 Bf7 73. a5 Be8 74. Ne6
f4 75. Nxf4 Bd7 76. Nd5 Ka7 77. Nb6 Be6 78. Nc4 Bd7 79. Nd6 Be8 80. Nxe8
Kb7 81. Nd6+ Kc7 82. b6+ Kb8 83. Kc6 Ka8 84. b7+ Ka7 85. Kc7 Ka6 86. b8=Q
Kxa5 87. Qb5# { Black checkmated } 1-0

[Event "ICC tourney 2605 (40 5)"]
[Site "Internet Chess Club"]
[Date "2021.06.13"]
[Round "5"]
[White "LEE, JAYDEN:K09-15757981"]
[Black "MCQUILLIN, DANIL ALSANDAIR:K09-15050406"]
[Result "1-0"]
[ICCResult "Black resigns"]
[WhiteElo "2106"]
[BlackElo "1193"]
[Opening "Four knights: symmetrical, Pillsbury variation"]
[ECO "C49"]
[NIC "KP.03"]
[Time "14:00:15"]
[PlyCount "29"]
[TimeControl "2400+5"]

1. e4 e5 2. Nf3 Nc6 3. Nc3 Nf6 4. Bb5 Bb4 5. O-O O-O 6. d3 d6 7. Bg5 Ne7 8.
Bxf6 gxf6 9. Nh4 Be6 10. Ne2 c6 11. Ba4 Qd7 12. Ng3 f5 13. exf5 Nxf5 14.
Qg4+ Ng7 15. Qxb4 { Black resigns } 1-0

[Event "ICC tourney 2605 (40 5)"]
[Site "Internet Chess Club"]
[Date "2021.06.13"]
[Round "5"]
[White "XIONG, LANG:K09-16344675"]
[Black "EISENBRAUN, TYLER:K09-30031250"]
[Result "1-0"]
[ICCResult "Black checkmated"]
[WhiteElo "1786"]
[BlackElo "472"]
[Opening "Trompowsky attack (Ruth, Opocenský opening)"]
[ECO "A45"]
[NIC "QP.07"]
[Time "14:00:13"]
[PlyCount "81"]
[TimeControl "2400+5"]

1. d4 Nf6 2. Bg5 g6 3. Bxf6 exf6 4. Nf3 Bg7 5. e3 O-O 6. c4 Re8 7. Nc3 Nc6
8. Bd3 d6 9. h3 a6 10. a3 Rb8 11. O-O Be6 12. d5 Ne5 13. dxe6 Nxf3+ 14.
Qxf3 Rxe6 15. b4 f5 16. Rac1 c5 17. bxc5 dxc5 18. Nd5 Bh6 19. Rfd1 Rd6 20.
Rb1 Kf8 21. Qe2 b5 22. Qb2 Bg7 23. Qb3 Bf6 24. Nxf6 Qxf6 25. cxb5 axb5 26.
Bxb5 Rxd1+ 27. Rxd1 Qb6 28. a4 h5 29. Qd5 Qe6 30. Qxc5+ Kg7 31. Qd4+ Kf8
32. Qh8+ Ke7 33. Qxb8 Kf6 34. Rd6 Qxd6 35. Qxd6+ Kg7 36. a5 Kh6 37. a6 Kg5
38. a7 h4 39. a8=Q Kh5 40. Qf6 f4 41. Qah8# { Black checkmated } 1-0

[Event "ICC tourney 2605 (40 5)"]
[Site "Internet Chess Club"]
[Date "2021.06.13"]
[Round "5"]
[White "MULPURI, PARTHIV KUMAR:K09-16906012"]
[Black "UPPATHIL, ADITHYA SATISH:K09-30062860"]
[Result "0-1"]
[ICCResult "White checkmated"]
[WhiteElo "1006"]
[BlackElo "1667"]
[Opening "Sicilian"]
[ECO "B50"]
[NIC "SI.01"]
[Time "14:00:09"]
[PlyCount "70"]
[TimeControl "2400+5"]

1. e4 c5 2. Nf3 d6 3. d3 g6 4. Bd2 Bg7 5. Be2 Bxb2 6. Bc3 Bxa1 7. Bxa1 e5
8. O-O Nc6 9. Nbd2 Nge7 10. h3 f5 11. Nh2 f4 12. Nc4 Be6 13. Bg4 Qd7 14.
Qd2 Bxg4 15. Nxg4 O-O-O 16. Rb1 h5 17. Nh2 g5 18. Na5 b6 19. Nxc6 Nxc6 20.
c3 g4 21. h4 g3 22. fxg3 fxg3 23. Nf3 d5 24. exd5 Qxd5 25. d4 exd4 26. cxd4
Nxd4 27. Nxd4 cxd4 28. Rc1+ Kb7 29. Qg5 Qxg5 30. hxg5 Rhg8 31. Rd1 Rxg5 32.
Rxd4 Rxd4 33. Bxd4 Rd5 34. Bc3 Rd1+ 35. Be1 Rxe1# { White checkmated } 0-1

[Event "ICC tourney 2605 (40 5)"]
[Site "Internet Chess Club"]
[Date "2021.06.13"]
[Round "5"]
[White "MAHESHWARI, JAYANT:K09-14966376"]
[Black "MARTIN, DREW:K09-16062286"]
[Result "1-0"]
[ICCResult "Black resigns"]
[WhiteElo "2059"]
[BlackElo "1903"]
[Opening "Ruy Lopez: closed, Borisenko defense"]
[ECO "C96"]
[NIC "RL.23"]
[Time "14:00:08"]
[PlyCount "73"]
[TimeControl "2400+5"]

1. e4 e5 2. Nf3 Nc6 3. Bb5 a6 4. Ba4 Nf6 5. O-O Be7 6. Re1 b5 7. Bb3 O-O 8.
h3 d6 9. c3 Na5 10. Bc2 c5 11. d4 Nc6 12. d5 Nb8 13. Nbd2 Nbd7 14. b3 Re8
15. a4 b4 16. cxb4 cxb4 17. a5 Nf8 18. Nc4 N6d7 19. Bd2 Rb8 20. Ra4 Nc5 21.
Rxb4 Rb5 22. Rxb5 axb5 23. Na3 Ba6 24. b4 Ncd7 25. Bd3 Qb8 26. Qe2 Rc8 27.
Bxb5 Bxb5 28. Qxb5 Qa7 29. Be3 Qc7 30. Rc1 Qb8 31. Rxc8 Qxc8 32. Qc6 Qb8
33. a6 Qxb4 34. a7 Nb6 35. Bxb6 Qxa3 36. a8=Q Qc1+ 37. Qxc1 { Black resigns
} 1-0

[Event "ICC tourney 2605 (40 5)"]
[Site "Internet Chess Club"]
[Date "2021.06.13"]
[Round "5"]
[White "LYU, ETHANTOBY:K09-16195991"]
[Black "JIANG, NICHOLAS:K09-15273385"]
[Result "0-1"]
[ICCResult "White checkmated"]
[WhiteElo "1838"]
[BlackElo "1985"]
[Opening "Queen's pawn game"]
[ECO "D00"]
[NIC "QP.07"]
[Time "14:00:23"]
[PlyCount "66"]
[TimeControl "2400+5"]

1. d4 Nf6 2. Nc3 d5 3. Bf4 e6 4. Nb5 Na6 5. e3 c6 6. Nc3 Nc7 7. Nf3 Be7 8.
Bd3 c5 9. dxc5 Bxc5 10. Ne2 Bd6 11. c3 O-O 12. Bc2 Re8 13. Ne5 Na6 14. h3
Nc5 15. Nd4 a6 16. Qf3 Nce4 17. Ne2 Qb6 18. O-O-O Qc7 19. Ng4 e5 20. Bh2
Qa5 21. Kb1 Be6 22. Nc1 Rac8 23. Bxe4 Nxe4 24. Bxe5 Bxg4 25. hxg4 Bxe5 26.
Nb3 Qb5 27. Qh3 h6 28. Rdf1 Qd3+ 29. Ka1 Bxc3 30. bxc3 Qxc3+ 31. Kb1 Qc2+
32. Ka1 Nc3 33. Nc1 Qb1# { White checkmated } 0-1

[Event "ICC tourney 2605 (40 5)"]
[Site "Internet Chess Club"]
[Date "2021.06.13"]
[Round "5"]
[White "MALLADI, SADKRITH:K09-15797710"]
[Black "OH, JAMES Y:K09-15146868"]
[Result "0-1"]
[ICCResult "White checkmated"]
[WhiteElo "1897"]
[BlackElo "2034"]
[Opening "Sicilian: closed, 2...Nc6"]
[ECO "B23"]
[NIC "SI.44"]
[Time "14:00:11"]
[PlyCount "80"]
[TimeControl "2400+5"]

1. e4 c5 2. Nc3 Nc6 3. Bb5 Nd4 4. Nf3 g6 5. Nxd4 cxd4 6. Ne2 Bg7 7. O-O a6
8. Bc4 e6 9. d3 h6 10. f4 d5 11. Bb3 dxe4 12. dxe4 Ne7 13. e5 Nc6 14. Qd3
Bf8 15. Rd1 Bc5 16. a3 b5 17. Ng3 Bb7 18. Ne4 Be7 19. Bd2 Qc7 20. Be1 g5
21. g3 gxf4 22. gxf4 O-O-O 23. Bg3 h5 24. h4 Rhg8 25. Kh2 Rg4 26. Nf2 Rdg8
27. Nxg4 Rxg4 28. Kh3 Qd8 29. Rg1 Bxh4 30. Kh2 Ne7 31. Bxh4 Rxh4+ 32. Kg3
Nf5+ 33. Kf2 Rh2+ 34. Ke1 Ne3 35. Rg5 Rh1+ 36. Kd2 Rxa1 37. Qh7 Bf3 38. c3
Nf1+ 39. Kd3 dxc3+ 40. Kxc3 Qd2# { White checkmated } 0-1

[Event "ICC tourney 2605 (40 5)"]
[Site "Internet Chess Club"]
[Date "2021.06.13"]
[Round "5"]
[White "REISS, AIDEN:K09-16581243"]
[Black "KE, RIANNE:K09-15179208"]
[Result "1/2-1/2"]
[ICCResult "Game drawn by mutual agreement"]
[WhiteElo "1853"]
[BlackElo "2002"]
[Opening "Sicilian: Keres variation (2.Ne2)"]
[ECO "B20"]
[NIC "SI.48"]
[Time "14:00:15"]
[PlyCount "68"]
[TimeControl "2400+5"]

1. e4 c5 2. Ne2 d6 3. g3 g6 4. Bg2 Bg7 5. c3 Nc6 6. d4 Nf6 7. O-O O-O 8.
Be3 Ng4 9. Bf4 cxd4 10. cxd4 Qb6 11. Nbc3 Nxd4 12. Nd5 Nxe2+ 13. Qxe2 Qd8
14. Bg5 f6 15. Bd2 e6 16. Qxg4 exd5 17. Qf4 dxe4 18. Bxe4 d5 19. Bg2 Be6
20. Bb4 Re8 21. Rad1 Qd7 22. Rfe1 Rad8 23. Bc3 b6 24. Bxf6 Rf8 25. Rxe6
Qxe6 26. Bxd8 Rxf4 27. Bxd5 Qxd5 28. Rxd5 Ra4 29. b3 Rxa2 30. Rd7 Rb2 31.
Rxa7 Rxb3 32. Ra8 Kf7 33. Ra7+ Kg8 34. Ra8 Kf7 { Game drawn by mutual
agreement } 1/2-1/2

[Event "ICC tourney 2605 (40 5)"]
[Site "Internet Chess Club"]
[Date "2021.06.13"]
[Round "5"]
[White "SAFRANEK, VEDA ROSE:K09-14975007"]
[Black "MENON, GAURI:K09-15187152"]
[Result "1-0"]
[ICCResult "Black checkmated"]
[WhiteElo "1681"]
[BlackElo "1960"]
[Opening "Ruy Lopez: Anderssen variation"]
[ECO "C77"]
[NIC "RL.12"]
[Time "14:00:10"]
[PlyCount "89"]
[TimeControl "2400+5"]

1. e4 e5 2. Nf3 Nc6 3. Bb5 a6 4. Ba4 Nf6 5. d3 b5 6. Bb3 Be7 7. c3 O-O 8.
O-O Re8 9. Nbd2 d5 10. Re1 Bg4 11. h3 Bxf3 12. Qxf3 d4 13. a3 Na5 14. Ba2
c5 15. Nf1 Nc6 16. Ng3 a5 17. Nf5 dxc3 18. Qg3 g6 19. Nh6+ Kg7 20. Nxf7 Qd4
21. Bh6+ Kg8 22. Nxe5+ c4 23. Nxc6 Qc5 24. Nxe7+ Rxe7 25. bxc3 Nh5 26. Qg5
Qd6 27. dxc4 bxc4 28. Bxc4+ Kh8 29. Qd5 Qxd5 30. Bxd5 Rc8 31. c4 Nf6 32.
Bg5 Kg7 33. e5 Nxd5 34. cxd5 Rd7 35. d6 Re8 36. Rac1 Kf7 37. Rc7 Rxc7 38.
dxc7 Ke6 39. Bd8 Kd7 40. f4 Kc8 41. Rb1 Re6 42. Rb8+ Kd7 43. c8=Q+ Ke8 44.
Qxe6+ Kf8 45. Bf6# { Black checkmated } 1-0

[Event "ICC tourney 2605 (40 5)"]
[Site "Internet Chess Club"]
[Date "2021.06.13"]
[Round "5"]
[White "WANG, LILIAN:K09-15607273"]
[Black "MUNDAYAT, ABINAV RAJIV:K09-15264747"]
[Result "0-1"]
[ICCResult "White resigns"]
[WhiteElo "1789"]
[BlackElo "2109"]
[Opening "Sicilian: Pelikan, Chelyabinsk variation"]
[ECO "B33"]
[NIC "SI.37"]
[Time "14:00:10"]
[PlyCount "80"]
[TimeControl "2400+5"]

1. e4 c5 2. Nf3 Nc6 3. d4 cxd4 4. Nxd4 Nf6 5. Nc3 e5 6. Ndb5 d6 7. Bg5 a6
8. Na3 b5 9. Nd5 Be7 10. Bxf6 Bxf6 11. Be2 O-O 12. O-O Bg5 13. c3 Rb8 14.
Nc2 Be6 15. Nce3 Ne7 16. Nxe7+ Qxe7 17. Nd5 Qb7 18. a4 bxa4 19. Rxa4 Bxd5
20. exd5 Qxb2 21. Rxa6 Rfd8 22. c4 Bd2 23. Bh5 g6 24. Be2 Bb4 25. h4 Bc5
26. h5 Qd4 27. g3 Rb2 28. hxg6 hxg6 29. Qxd4 Bxd4 30. Bd1 Bc5 31. Ba4 Kg7
32. Kg2 e4 33. Rc6 Bd4 34. c5 dxc5 35. d6 e3 36. Ra6 e2 37. Re1 Bc3 38. d7
Bxe1 39. Rc6 Ba5 40. Rc8 e1=Q { White resigns } 0-1

[Event "ICC tourney 2605 (40 5)"]
[Site "Internet Chess Club"]
[Date "2021.06.13"]
[Round "5"]
[White "PETERSON, RYAN HARADA:K09-14901322"]
[Black "SILVA, JAVIER:K09-16089208"]
[Result "1/2-1/2"]
[ICCResult "Game drawn by mutual agreement"]
[WhiteElo "2016"]
[BlackElo "1864"]
[Opening "QGD semi-Slav: Stoltz variation"]
[ECO "D45"]
[NIC "SL.08"]
[Time "14:00:14"]
[PlyCount "87"]
[TimeControl "2400+5"]

1. d4 d5 2. c4 c6 3. Nc3 Nf6 4. Nf3 e6 5. e3 Nbd7 6. Qc2 Be7 7. Bd3 dxc4 8.
Bxc4 b5 9. Bd3 Bb7 10. O-O a6 11. e4 c5 12. Rd1 cxd4 13. Nxd4 Rc8 14. a3
Nc5 15. Nb3 Nxd3 16. Rxd3 Qc7 17. Qe2 b4 18. axb4 Bxb4 19. Bg5 Be7 20. Nd2
O-O 21. Rd1 Rfd8 22. Be3 Rxd3 23. Qxd3 Rd8 24. Qe2 Bd6 25. g3 Bc5 26. Qc4
Bb6 27. Qxc7 Bxc7 28. f3 Ba5 29. Nb3 Rxd1+ 30. Nxd1 Bc7 31. Nc5 Bc8 32. Kf2
Nd7 33. b4 Nxc5 34. Bxc5 f6 35. Ke3 Bd7 36. Nc3 Kf7 37. Kd3 Bb5+ 38. Nxb5
axb5 39. Kd4 Be5+ 40. Kd3 Ke8 41. f4 Bc7 42. Kd4 g6 43. Ba7 Bd6 44. Bc5 {
Game drawn by mutual agreement } 1/2-1/2

[Event "ICC tourney 2605 (40 5)"]
[Site "Internet Chess Club"]
[Date "2021.06.13"]
[Round "5"]
[White "CHAKRAVARTY, ARITRO:K09-16061277"]
[Black "BONDALAPATI, SRIVIBHAV:K09-16633657"]
[Result "1/2-1/2"]
[ICCResult "Game drawn because neither player has mating material"]
[WhiteElo "1942"]
[BlackElo "1101"]
[Opening "Queen's gambit declined"]
[ECO "D30"]
[NIC "QP.08"]
[Time "14:00:06"]
[PlyCount "181"]
[TimeControl "2400+5"]

1. d4 d5 2. c4 e6 3. Nf3 c6 4. g3 Nf6 5. Bg2 Nbd7 6. O-O dxc4 7. a4 Bd6 8.
Qc2 Qc7 9. Qxc4 O-O 10. Qc2 b6 11. e4 e5 12. Nc3 Bb7 13. h3 Rfe8 14. Rd1
Rad8 15. Be3 exd4 16. Nxd4 Be5 17. f4 Bxd4 18. Bxd4 c5 19. Be3 a6 20. e5
Bxg2 21. Qxg2 Nxe5 22. fxe5 Qxe5 23. Bf4 Qe7 24. Qf3 h6 25. Rxd8 Rxd8 26.
Rd1 Re8 27. Rf1 Ne4 28. Nxe4 Qxe4 29. Qxe4 Rxe4 30. Bc7 Rxa4 31. Bxb6 Rb4
32. Bxc5 Rxb2 33. Ra1 Rb3 34. Kg2 Rb5 35. Bf2 a5 36. Be1 Rb2+ 37. Kg1 Kh7
38. Rxa5 Rb7 39. Bf2 f6 40. Kg2 Rb2 41. Ra7 Rc2 42. Kf3 Rc4 43. Re7 Kg6 44.
Be3 Kh7 45. Rd7 Ra4 46. Bc5 Kg8 47. g4 Rc4 48. Rc7 Rc3+ 49. Kg2 Rb3 50. Bd6
Rd3 51. Bb4 Rb3 52. Bd6 Rd3 53. Bf4 Rb3 54. Re7 Rd3 55. Re3 Rd7 56. Kf3 Kf7
57. Rc3 Rd4 58. Rc7+ Kg8 59. Be3 Ra4 60. Bc5 Rc4 61. Kg3 g5 62. Bb6 Rb4 63.
Bf2 Ra4 64. Rd7 Ra6 65. Bd4 Re6 66. Kf3 Kf8 67. Rh7 Kg8 68. Rxh6 Kg7 69.
Rxf6 Rxf6+ 70. Bxf6+ Kxf6 71. Ke4 Ke6 72. Kd4 Kd6 73. Kc4 Ke5 74. Kd3 Kf4
75. Ke2 Kg3 76. Kf1 Kxh3 77. Kf2 Kxg4 78. Kg2 Kf4 79. Kf2 g4 80. Kg2 g3 81.
Kg1 Kg4 82. Kg2 Kh4 83. Kg1 Kh3 84. Kh1 Kg4 85. Kg2 Kf4 86. Kg1 Ke4 87. Kg2
Kf4 88. Kg1 Kf3 89. Kf1 g2+ 90. Kg1 Ke2 91. Kxg2 { Game drawn because
neither player has mating material } 1/2-1/2

[Event "ICC tourney 2605 (40 5)"]
[Site "Internet Chess Club"]
[Date "2021.06.13"]
[Round "5"]
[White "MEI, AUSTIN R:K09-16090452"]
[Black "SAMMONS, EVAN:K09-16792076"]
[Result "1-0"]
[ICCResult "Black resigns"]
[WhiteElo "2149"]
[BlackElo "1966"]
[Opening "French: Chigorin variation"]
[ECO "C00"]
[NIC "FR.01"]
[Time "14:00:12"]
[PlyCount "119"]
[TimeControl "2400+5"]

1. e4 e6 2. Qe2 c5 3. Nf3 Nc6 4. g3 g6 5. Bg2 Bg7 6. O-O Nge7 7. c3 O-O 8.
Rd1 e5 9. d3 d6 10. a4 a6 11. Be3 Bg4 12. h3 Bxf3 13. Bxf3 f5 14. Na3 f4
15. Bc1 fxg3 16. fxg3 Qc7 17. Be3 Rab8 18. Rf1 b5 19. axb5 axb5 20. Bg4 b4
21. Nc4 Kh8 22. Rxf8+ Rxf8 23. Rf1 Rxf1+ 24. Qxf1 Ng8 25. h4 Nf6 26. Bf3 h6
27. Qh3 bxc3 28. bxc3 Nd8 29. g4 Qd7 30. Kh2 Kh7 31. g5 Qxh3+ 32. Kxh3 hxg5
33. hxg5 Ne8 34. Bg4 Nf7 35. Be6 Kg8 36. Kg4 Kf8 37. Nd2 Ke7 38. Bc4 Nc7
39. Nf3 Nd8 40. Nh4 Nde6 41. Nxg6+ Kf7 42. Nh4 Bf8 43. Nf5 Kg6 44. Bd2 Nd8
45. Nh4+ Kg7 46. Kh5 Nc6 47. Nf5+ Kh8 48. Kg6 Nd8 49. Be1 Ne8 50. Bf2 Nc7
51. d4 cxd4 52. cxd4 Nc6 53. Kf7 exd4 54. Kxf8 Kh7 55. Bf7 Ne5 56. Bxd4
Ng6+ 57. Bxg6+ Kxg6 58. Bf6 d5 59. Ne7+ Kh5 60. exd5 { Black resigns } 1-0

[Event "ICC tourney 2605 (40 5)"]
[Site "Internet Chess Club"]
[Date "2021.06.13"]
[Round "5"]
[White "PAN, KEVIN:K09-14740822"]
[Black "MAHAJAN, RUSHAAN:K09-15449416"]
[Result "0-1"]
[ICCResult "White checkmated"]
[WhiteElo "2260"]
[BlackElo "2209"]
[Opening "Caro-Kann: Tartakower (Nimzovich) variation"]
[ECO "B15"]
[NIC "CK.06"]
[Time "14:00:23"]
[PlyCount "72"]
[TimeControl "2400+5"]

1. e4 c6 2. d4 d5 3. Nc3 dxe4 4. Nxe4 Nf6 5. Nxf6+ exf6 6. c3 Bd6 7. Bd3
O-O 8. Qc2 Re8+ 9. Ne2 h5 10. Be3 Nd7 11. O-O h4 12. h3 Nf8 13. Rfe1 Be6
14. Rad1 b5 15. c4 Bb4 16. Bd2 Bxd2 17. Rxd2 bxc4 18. Bxc4 Qa5 19. Red1 Ng6
20. b3 Rad8 21. Bd3 Qg5 22. Bxg6 Bd5 23. Bh7+ Kh8 24. g3 hxg3 25. Nxg3 g6
26. Bxg6 fxg6 27. Kh2 Kg7 28. Qc5 Rd7 29. Rd3 Rh8 30. Re1 Rxh3+ 31. Kxh3
Qh6+ 32. Kg4 f5+ 33. Nxf5+ gxf5+ 34. Kg3 Qg5+ 35. Kh3 Qg2+ 36. Kh4 Qg4# {
White checkmated } 0-1

[Event "ICC tourney 2605 (40 5)"]
[Site "Internet Chess Club"]
[Date "2021.06.13"]
[Round "5"]
[White "FENTON, SETH AUSTIN:K09-15344035"]
[Black "HE, STEPHEN:K09-14726703"]
[Result "1-0"]
[ICCResult "Black checkmated"]
[WhiteElo "1690"]
[BlackElo "2066"]
[Opening "English: Anglo-Grünfeld defense"]
[ECO "A16"]
[NIC "EO.53"]
[Time "14:00:06"]
[PlyCount "179"]
[TimeControl "2400+5"]

1. c4 Nf6 2. Nc3 d5 3. cxd5 Nxd5 4. g3 g6 5. Bg2 c6 6. d4 Bg7 7. e3 O-O 8.
Nge2 b6 9. O-O Bb7 10. a3 Nd7 11. b4 e5 12. Bb2 exd4 13. Nxd4 N7f6 14. Qb3
Nxc3 15. Bxc3 Qc7 16. Rab1 Rac8 17. Ba1 c5 18. Nb5 c4 19. Nxc7 cxb3 20.
Bxb7 Rxc7 21. Bg2 Rc2 22. Rxb3 Rd8 23. Rbb1 Ra2 24. Rbd1 Rc8 25. Rd3 h5 26.
h3 a5 27. Rfd1 Rcc2 28. Rf1 axb4 29. axb4 g5 30. Rd8+ Kh7 31. Bxf6 Bxf6 32.
Rd6 Kg7 33. Rxb6 Rab2 34. Rb7 Rd2 35. b5 h4 36. g4 Be5 37. Bc6 Kf8 38. Ra7
Bd6 39. Ra4 Be5 40. Ra8+ Kg7 41. Re8 Kf6 42. f4 gxf4 43. g5+ Kf5 44. Bh1
Bd6 45. Be4+ Kxg5 46. exf4+ Kf6 47. Rc8 Rxb5 48. Rc6 Ke7 49. Re1 Kd7 50.
Rcc1 Bxf4 51. Bc6+ Kd6 52. Bxb5 Rb2 53. Rcd1+ Kc5 54. Be8 f6 55. Bh5 Bg3
56. Re2 Rb4 57. Rf1 Be5 58. Bg4 Kd6 59. Rd1+ Kc7 60. Rc2+ Kb6 61. Rd3 Ka5
62. Be6 Rb1+ 63. Kg2 Ka4 64. Rc8 Rb2+ 65. Kf3 Rb1 66. Rc2 Rf1+ 67. Ke2 Rh1
68. Rb3 Rh2+ 69. Kd3 Rxh3+ 70. Bxh3 Kxb3 71. Rc4 Bg3 72. Be6 Kb2 73. Rc2+
Ka3 74. Kc4 Be5 75. Kd3 Kb4 76. Rc4+ Kb5 77. Bh3 Bg3 78. Bd7+ Kb6 79. Ke4
Be5 80. Kd5 Bg3 81. Rc6+ Kb7 82. Rxf6 Kc7 83. Bh3 Kd8 84. Rf7 Ke8 85. Rb7
Kf8 86. Ke6 Ke8 87. Ra7 Kf8 88. Kf6 Ke8 89. Ra8+ Bb8 90. Rxb8# { Black
checkmated } 1-0

[Event "ICC tourney 2605 (40 5)"]
[Site "Internet Chess Club"]
[Date "2021.06.13"]
[Round "5"]
[White "HUSTON, GUS:K09-14921551"]
[Black "WU, WILLIAM:K09-15782241"]
[Result "1-0"]
[ICCResult "Black resigns"]
[WhiteElo "2243"]
[BlackElo "1854"]
[Opening "Giuoco Pianissimo"]
[ECO "C50"]
[NIC "IG.02"]
[Time "14:00:22"]
[PlyCount "73"]
[TimeControl "2400+5"]

1. e4 e5 2. Nf3 Nc6 3. Bc4 Bc5 4. d3 h6 5. O-O Nf6 6. Re1 d6 7. c3 O-O 8.
Nbd2 a6 9. a4 Ba7 10. h3 Re8 11. Nf1 Be6 12. Ng3 Qd7 13. Bb3 d5 14. Qc2
Rad8 15. Be3 Bxe3 16. Rxe3 d4 17. cxd4 exd4 18. Re2 Qe7 19. Nh4 Bxb3 20.
Qxb3 Qb4 21. Qc2 Re5 22. Rc1 Nd7 23. Qd1 Rc5 24. Nhf5 Rxc1 25. Qxc1 Nc5 26.
Qc2 Ne6 27. Nh5 Kh7 28. Qc1 g5 29. Rc2 Qxa4 30. f4 Nb4 31. fxg5 Nxg5 32.
Rxc7 Nxd3 33. Qf1 Qa5 34. Nf6+ Kh8 35. Rxb7 Qe1 36. h4 Qe3+ 37. Nxe3 {
Black resigns } 1-0